 Dungeon Crawl Stone Soup version 0.26-a0-966-gd078a86f14 (webtiles) character file.

Game seed: 15200845851150305919

326 pablito the Insei (level 6, -8/32 HPs)
             Began as a Vine Stalker Transmuter on Dec 3, 2020.
             Was an Initiate of Dithmenos.
             Mangled by an orc
             ... wielding a +2 hand axe of electrocution
              (15 damage)
             ... on level 4 of the Dungeon on Dec 4, 2020.
             The game lasted 00:13:09 (3962 turns).

pablito the Insei (Vine Stalker Transmuter)         Turns: 3962, Time: 00:13:10

Health: -8/32      AC: 11    Str: 16    XL:     6   Next: 49%
Magic:  0/12       EV: 12    Int: 13    God:    Dithmenos [......]
Gold:   163        SH:  0    Dex: 16    Spells: 11/12 levels left

rFire    . . .     SeeInvis .   h - +3 dagger (venom)
rCold    . . .     Faith    .   (no shield)
rNeg     . . .     Spirit   +   g - +1 leather armour
rPois    .         Reflect  .   (helmet currently unavailable)
rElec    .         Harm     .   (no cloak)
rCorr    .         Rampage  .   b - +2 pair of gloves {Str+3}
MR       .....                  (boots currently unavailable)
Stlth    ++........             i - amulet of inaccuracy (curse)
HPRegen  0.50/turn              e - +4 ring of protection
MPRegen  0.13/turn              (no ring)

@: appendages, attractive
A: fangs 2, horns 2, talons 2, regeneration 1, magic shield, antimagic bite, no
potion heal 3, rot immunity
a: End Transformation, Renounce Religion


You were on level 4 of the Dungeon.
You worshipped Dithmenos.
Dithmenos was noncommittal.
You had grown temporary horns.
You had grown temporary talons.
You visited 1 branch of the dungeon, and saw 4 of its levels.

You collected 163 gold pieces.

Inventory:

Hand Weapons
 d - a +3 short sword
 h - a +3 dagger of venom (weapon)
Armour
 a - a +0 robe
 b - a +2 pair of gloves of strength (worn)
 g - a +1 leather armour (worn)
Jewellery
 e - a +4 ring of protection (left hand)
 i - a cursed amulet of inaccuracy (around neck)
 m - an uncursed amulet of faith
Wands
 c - a wand of paralysis (7)
Scrolls
 j - a scroll of identify
 n - 4 scrolls of fear
Potions
 f - a potion of attraction
 l - a potion of berserk rage {unknown}


   Skills:
 - Level 2.5 Fighting
 - Level 1.5 Dodging
 + Level 2.9 Stealth
 + Level 4.1 Unarmed Combat
 + Level 3.7 Spellcasting
 + Level 3.5 Transmutations


You had 11 spell levels left.
You knew the following spells:

 Your Spells              Type           Power        Failure   Level
a - Beastly Appendage     Tmut           ##....       6%          1

Your spell library contained the following spells:

 Spells                   Type           Power        Failure   Level
 Wereblood                Tmut           ##......     10%         2
 Spider Form              Tmut/Pois      #.........   36%         3
 Ice Form                 Ice/Tmut       #.......     77%         4
 Blade Hands              Tmut           ##........   86%         5


Dungeon Overview and Level Annotations

Branches:
Dungeon (4/15)
 Temple: D:4-7

Altars:
Dithmenos
Trog
The Shining One


Innate Abilities, Weirdness & Mutations

You have extremely sharp teeth.
Your natural rate of healing is unusually fast.
When hurt, damage is shared between your health and your magic reserves.
Your bite disrupts and absorbs the magic of your enemies.
Potions cannot restore your health.
You are immune to rotting.
You have a pair of horns on your head.
You have razor-sharp toenails.


Message History

The orc is pulled toward you! The orc closely misses you.
The orc is pulled toward you! The orc is pulled toward you!
The orc hits you but does no damage. The orc is pulled toward you!
The orc barely misses you.
Your horns disappear.
Your talons disappear.
The orc is pulled toward you!
The orc hits you with a +2 hand axe of electrocution.
The orc is pulled toward you!
The orc hits you with a +2 hand axe of electrocution.
* * * LOW HITPOINT WARNING * * *
It was a potion of curing.
That felt strangely inert.
The orc hits you but does no damage.
Unknown command.
Casting: Beastly Appendage (safe; 6% risk of failure)
Confirm with . or Enter, or press ? or * to list all spells.
You grow a pair of large bovine horns.
Your feet morph into talons.
The orc hits you with a +2 hand axe of electrocution.
* * * LOW HITPOINT WARNING * * *
You are electrocuted!
You die...

.#§#§#§.##.# #)..##
§§_.§§..##.# ##...8#####
.#§#.##..#.####.....#...#
#§§.####.#...##......._.#
##.## #...####.....#...#
##.# ##..# #...[.8#####
#..# #..# ##....##
#.#######..# ##o..#
..........># #@..#
#..#######.# ##..##
.........#.# #...###
.......#.#.# ##....#
##......<#.### #...##
###...#..#)..# ##...##
.#.(..#†.#..## #....##
..†.........# #.....#
.##..#####..# ##....###


You could see an orc.

Vanquished Creatures
  A hound (D:4)
  A bullfrog skeleton (D:4)
  An iguana (D:3)
  Ijyb (D:3)
  An orc wizard (D:3)
  4 gnolls (D:3)
  6 adders
  4 worms
  3 dart slugs
  3 leopard geckos
  5 orcs
  A ball python (D:3)
  7 bats
  4 giant cockroaches
  5 goblins
  7 hobgoblins
  4 jackals (D:4)
  5 kobolds
  3 quokkas
  6 frilled lizards
  6 rats
78 creatures vanquished.

Vanquished Creatures (others)
  6 plants (D:3)
6 creatures vanquished.

Grand Total: 84 creatures vanquished

Notes
Turn   | Place    | Note
-------+----------+-------------------------------------------
     0 | D:1      | pablito the Vine Stalker Transmuter began the quest for the
                  | Orb.
     0 | D:1      | Reached XP level 1. HP: 9/9 MP: 4/4
   380 | D:1      | Reached skill level 1 in Fighting
   456 | D:1      | Reached XP level 2. HP: 13/14 MP: 3/6
  1262 | D:1      | Reached XP level 3. HP: 18/18 MP: 7/7
  1711 | D:2      | Gained mutation: Your natural rate of healing is unusually
                  | fast. [Vine Stalker growth]
  1711 | D:2      | Reached XP level 4. HP: 17/23 MP: 7/9
  2063 | D:2      | Reached skill level 1 in Stealth
  2628 | D:3      | Noticed Ijyb
  2633 | D:3      | Paralysed by Ijyb for 4 turns
  2641 | D:3      | Killed Ijyb
  2642 | D:3      | Reached XP level 5. HP: 26/26 MP: 10/10
  3421 | D:3      | Reached XP level 6. HP: 32/32 MP: 10/12
  3708 | D:3      | Reached skill level 4 in Unarmed Combat
  3732 | D:4      | Found a bloodstained altar of Trog.
  3765 | D:4      | Found a shadowy altar of Dithmenos.
  3769 | D:4      | Became a worshipper of Dithmenos the Shadowed
  3882 | D:4      | Found a glowing golden altar of the Shining One.
  3962 | D:4      | Mangled by an orc

Illustrated notes

Levels and vault maps discovered:
D:1:      kennysheep_arrival_forest, layout_basic
D:2:      layout_basic, grunt_ministairs_4, dk_noncrumbling_3,
          chequers_serial_rivers_small_a
D:3:      layout_basic, chequers_big_river, uniq_ijyb
D:4:      layout_basic, grunt_temple_overflow_forces_of_nature,
          marbit_many_paths, grunt_dithmenos_smoke_and_mirrors,
          nicolae_tso_carved_into_rock, serial_glass, glass_columns_b,
          glass_columns_c, gammafunk_ghost_cemetery, serial_bayou_pond_e,
          trog_three_pillars_becter

Skill      XL: |  1  2  3  4  5  6 |
---------------+-------------------+-----
Fighting       | 1 2 |  2.5
Spellcasting   | 3 |  3.7
Stealth        | 1 2 |  2.9
Transmutations | 3 |  3.5
Unarmed Combat | 4 |  4.1
Dodging        | |  1.5

Action                   |  1- 3 |  4- 6 || total
-------------------------+-------+-------++-------
Melee: Short sword       |    19 |       ||    19
       Unarmed           |     5 |       ||     5
       Bite              |    12 |    29 ||    41
       Kick              |    12 |    22 ||    34
       Dagger            |    48 |   146 ||   194
       Headbutt          |     5 |    21 ||    26
       Punch             |     1 |     3 ||     4
 Cast: Beastly Appendage |    15 |    24 ||    39
  Use: Scroll            |     3 |    10 ||    13
       Potion            |       |     2 ||     2
 Stab: Sleeping          |       |     1 ||     1
Armor: Leather armour    |    23 |    52 ||    75
Dodge: Dodged            |    49 |   108 ||   157

Table legend: (Time is in decaauts)
 A = Elapsed time spent in this place.
 B = Non-inter-level travel time spent in this place.
 C = Inter-level travel time spent in this place.
 D = Time resting spent in this place.
 E = Time spent auto-exploring this place.
 F = Levels seen in this place.
 G = Mean time per level.
                   A        B        C        D        E       F      G
               +--------+--------+--------+--------+--------+-----+--------+
         Total |   3975 |   3839 |    136 |     64 |   3051 |   4 |  993.8 |
       Dungeon |   3975 |   3839 |    136 |     64 |   3051 |   4 |  993.8 |
               +--------+--------+--------+--------+--------+-----+--------+

Top non-repeatable levels by time:
     D:1: 1476 daAuts
     D:3: 1222 daAuts
     D:2: 1030 daAuts
     D:4: 246 daAuts
